 Dungeon Crawl Stone Soup version 0.20.0-8-g6b59dc7 (console) character file.

53811 removed the Spear-Bearer (level 14, -5/92 HPs)
             Began as a Tengu Warper on May 31, 2017.
             Was the Champion of Lugonu.
             Hit by a tomahawk thrown by an orc warrior (13 damage)
             ... on level 2 of the Orcish Mines.
             The game lasted 01:07:51 (29622 turns).

removed the Spear-Bearer (Tengu Warper)            Turns: 29622, Time: 01:07:51

Health: -5/92      AC: 19    Str: 11    XL:     14   Next: 70%
Magic:  15/23      EV:  8    Int: 14    God:    Lugonu [******]
Gold:   1593       SH:  7    Dex: 19    Spells: 17/17 levels left

rFire    + + .     SeeInvis .   a - +1 trident (protect)
rCold    + . .     Gourm    .   M - +1 buckler {rF+}
rNeg     . . .     Faith    +   j - +1 plate armour "Coqiriok" {*Contam rF+ rC+ MR+}
rPois    .         Spirit   .   (helmet restricted)
rElec    .         Reflect  .   C - +0 cloak
rCorr    .         Harm     .   x - +1 pair of gloves
MR       +++..                  (boots unavailable)
Stlth    ..........             N - amulet of faith
Regen    0.3/turn               U - +6 ring of slaying
MPRegen  0.2/turn               X - ring of protection from magic

@: flying quickly and evasively, quick
A: beak, talons 3, able to fly 2
a: Stop Flying, Depart the Abyss, Bend Space, Banish, Corrupt, Enter the Abyss,
Brand Weapon With Distortion, Renounce Religion


You were on level 2 of the Orcish Mines.
You worshipped Lugonu.
Lugonu was exalted by your worship.
You were not hungry.

You visited 4 branches of the dungeon, and saw 21 of its levels.

You collected 1593 gold pieces.

Inventory:

Hand Weapons
 a - a +1 trident of protection (weapon)
 w - a +0 spear
 A - a +1 bardiche of protection
 D - a +0 blowgun
Missiles
 h - 3 silver tomahawks (quivered)
 y - 15 tomahawks
 V - 2 throwing nets
Armour
 j - the +1 plate armour "Coqiriok" (worn) {*Contam rF+ rC+ MR+}
   (You found it on level 6 of the Lair of Beasts)

   It protects you from fire.
   It protects you from cold.
   It affects your resistance to hostile enchantments.
   It causes magical contamination when unequipped.
 x - a +1 pair of gloves (worn)
 C - a +0 cloak (worn)
 G - a +2 scale mail of fire resistance
 M - a +1 buckler of fire resistance (worn)
Jewellery
 k - an uncursed ring of ice
 s - an uncursed amulet of rage
 N - an amulet of faith (around neck)
 O - an uncursed amulet of guardian spirit {unknown}
 U - a +6 ring of slaying (left hand)
 X - a ring of protection from magic (right hand)
Wands
 l - a wand of scattershot (4/9)
 m - a wand of polymorph (18/24)
 o - a wand of iceblast (5/15)
 E - a wand of flame (6/48)
Scrolls
 c - a scroll of magic mapping
 d - a scroll of blinking
 g - 6 scrolls of remove curse
 p - a scroll of enchant weapon
 L - 3 scrolls of recharging
 P - a scroll of enchant armour
 R - 2 scrolls of amnesia
 Z - 4 scrolls of teleportation
Potions
 i - a potion of heal wounds
 r - a potion of lignification
 u - 2 potions of berserk rage
 v - 2 potions of brilliance
 z - 7 potions of mutation
 B - a potion of haste {unknown}
 F - 4 potions of flight
 J - 9 potions of curing
 K - a potion of cancellation
 T - 4 potions of agility
 W - 2 potions of resistance
Miscellaneous
 e - 2 phantom mirrors
Comestibles
 f - 5 bread rations
 q - 8 royal jellies
 H - 8 meat rations
 S - 30 fruits
 Y - 2 chunks of flesh


   Skills:
 - Level 12.0 Fighting
 - Level 14.0 Polearms
 - Level 1.0 Throwing
 + Level 10.2 Armour
 + Level 10.3 Dodging
 - Level 5.0 Shields
 - Level 2.0 Spellcasting
   Level 2.4 Translocations
 - Level 11.1 Invocations


You had 17 spell levels left.
You didn't know any spells.

Dungeon Overview and Level Annotations

Branches:
Dungeon (12/15)            Temple (1/1) D:4            Lair (6/6) D:10
  Swamp (0/4) Lair:3       Spider (0/4) Lair:3        Slime (0/5) Lair:6
    Orc (2/2) D:12            Elf (0/3) Orc:2

Altars:
Ashenzari
Cheibriados
Dithmenos
Elyvilon
Fedhas
Gozag
Hepliaklqana
Kikubaaqudgha
Makhleb
Nemelex Xobeh
Okawaru
Qazlal
Ru
Sif Muna
Trog
Uskayaw
Vehumet
Xom
Yredelemnul
Zin
The Shining One
Jiyva
Lugonu

Shops:
D:5 (   D:7 [   D:9 :

Portals:
Trove: D:10 (give +6 ice dragon scales)

Annotations:
D:2 exclusion: 2 downstairs
D:3 Grinder
D:7 exclusion: downstairs
D:11 exclusion: orange crystal statue


Innate Abilities, Weirdness & Mutations

You have a beak for a mouth.
You have claws for feet.
You can fly continuously.


Message History

The orc knight roars a battlecry!
The orc goes into a battle-frenzy!
Okay, then.
Evoke which item? (* to show all) (? for menu, Esc to quit)
Okay, then.
Press: ? - help, Shift-Dir - straight line, f - warg
Aim: a warg (chance to defeat MR: 75%)
The warg is devoured by a tear in reality.
Lugonu claims a new guest.
You feel somewhat more hungry.
Press: ? - help, Shift-Dir - straight line, f - orc knight
Aim: an orc knight, wielding an enchanted long sword and wearing a chain mail (lightly wounded, chance to defeat MR: 75%)
The orc knight is devoured by a tear in reality.
Lugonu claims a new guest.
Your life force feels restored.
You feel somewhat more hungry.
The orc warrior throws a tomahawk.
You block the tomahawk.
You see here a tomahawk.
The orc warrior throws a tomahawk.
The tomahawk hits you!
You die...

...[..[.)........##
.[.....<$..§......#
.......$.........##
..........#o.....>#
.................##
...............o##
...........o§.oo.#
....o.....#..§..(#
......$......§§.@##
...............$..#
..................##
...................#
..................##
...................#
..................##
.......##......#...#
.#.............##.##


You could see 3 orc warriors and 2 orcs.

Vanquished Creatures
  Kirke (D:12)
  An ettin (D:12)
  Josephine (D:12)
  Fannar (Lair:2)
  A catoblepas (Lair:6)
  A two-headed ogre (D:12)
  2 death yaks (D:10)
  An orc high priest (Orc:1)
  Pikel (D:8)
  3 orc knights
  A deep elf mage (D:11)
  2 orc sorcerers (D:12)
  2 ugly things (D:12)
  A cyclops (D:12)
  8 elephants
  2 black mambas
  A torpor snail (Lair:3)
  11 spiny frogs
  A kobold demonologist (D:12)
  2 rime drakes (Lair:5)
  4 komodo dragons
  5 trolls
  A merfolk (D:11)
  4 polar bears
  A jumping spider (Lair:3)
  4 hornets
  8 blink frogs
  5 hippogriffs
  6 dream sheep
  A shadow (D:11)
  13 spriggans
  31 yaks
  4 wraiths (D:12)
  2 basilisks
  3 hogs (D:12)
  2 hungry ghosts
  4 vampire mosquitoes (Lair:3)
  The ghost of MTVSty1e the Insei, an amateur OpTm (D:3)
  A warg (Orc:1)
  13 water moccasins
  8 porcupines
  12 orc warriors
  A sky beast (D:11)
  11 ogres
  2 black bears (Lair:6)
  5 ice beasts
  3 phantoms
  30 wolves
  5 boggarts (Lair:6)
  14 centaurs
  15 crocodiles
  2 big kobolds (D:11)
  A wyvern zombie (D:11)
  10 bullfrogs
  7 scorpions
  9 killer bees
  3 electric eels
  5 howler monkeys
  2 bullfrog zombies
  9 crimson imps
  2 centaur zombies (D:12)
  A quasit (D:9)
  2 jellies
  2 bullfrog skeletons
  10 orc priests
  6 hounds
  5 iguanas
  Ijyb (D:3)
  14 orc wizards
  11 worker ants
  Terence (D:2)
  6 ogre zombies (D:12)
  2 hound zombies
  2 worker ant zombies
  Robin (D:3)
  9 adders
  A howler monkey skeleton (D:8)
  2 shadow imps
  An ooze (D:5)
  An adder zombie (D:9)
  2 adder skeletons
  4 worms
  2 dart slugs
  4 leopard geckos
  71 orcs
  3 bats
  4 giant cockroaches
  14 goblins
  7 hobgoblins
  33 jackals
  5 quokkas
  2 ball pythons (D:1)
  A ball python skeleton (D:6)
  3 frilled lizards (D:2)
  A hobgoblin skeleton (D:12)
  3 hobgoblin zombies (D:12)
  A jackal skeleton (D:6)
  17 kobolds
  A leopard gecko skeleton (D:4)
  3 orc skeletons (D:12)
  12 orc zombies (D:12)
  13 rats
597 creatures vanquished.

Vanquished Creatures (others)
  The ghost of Feta the Severer, a journeyman FoFi of Okawaru (Orc:1)
  3 hydras
  A centaur warrior (D:11)
  3 two-headed ogres
  2 orc knights (Orc:2)
  A black mamba (Lair:6)
  A spiny frog (Lair:1)
  A komodo dragon (Lair:1)
  A hornet (Lair:6)
  2 trolls
  A warg (Orc:2)
  An orc warrior (Orc:1)
  A slave (D:8)
  An orc (D:11)
  A quokka (D:11)
  6 fungi
  3 plants (Lair:6)
30 creatures vanquished.

Grand Total: 627 creatures vanquished

Notes
Turn   | Place    | Note
-------+----------+-------------------------------------------
     0 | D:1      | removed the Tengu Warper began the quest for the Orb.
     0 | D:1      | Reached XP level 1. HP: 12/12 MP: 4/4
   329 | D:1      | Reached skill level 3 in Polearms
   329 | D:1      | Reached XP level 2. HP: 14/17 MP: 6/6
   648 | D:2      | Noticed Terence
   702 | D:2      | Found a shattered altar of Ashenzari.
   911 | D:2      | Found a basalt altar of Yredelemnul.
  1332 | D:2      | Reached XP level 3. HP: 20/21 MP: 7/7
  1685 | D:2      | Killed Terence
  1685 | D:2      | Reached skill level 4 in Polearms
  1872 | D:3      | Noticed Grinder
  1930 | D:2      | Reached XP level 4. HP: 26/26 MP: 8/8
  2269 | D:3      | Found a stormy altar of Qazlal.
  2275 | D:3      | Paralysed by Grinder for 4 turns
  2425 | D:3      | Reached skill level 5 in Polearms
  2434 | D:3      | Noticed Robin
  2617 | D:3      | Gained mutation: You can fly. [Tengu growth]
  2617 | D:3      | Reached XP level 5. HP: 30/30 MP: 9/9
  3024 | D:3      | Killed Robin
  3024 | D:3      | Reached skill level 6 in Polearms
  3132 | D:3      | Noticed MTVSty1e's ghost (amateur OpTm)
  3157 | D:3      | Killed MTVSty1e's ghost
  3157 | D:3      | Reached skill level 7 in Polearms
  3157 | D:3      | Reached XP level 6. HP: 27/35 MP: 10/10
  3234 | D:3      | Paralysed by Grinder for 3 turns
  3438 | D:3      | Paralysed by Grinder for 7 turns
  3621 | D:3      | Noticed an air elemental
  3621 | D:3      | Noticed a water elemental
  3621 | D:3      | Noticed a fire elemental
  3650 | D:3      | Noticed Ijyb
  3658 | D:3      | Killed Ijyb
  3885 | D:3      | Paralysed by Grinder for 7 turns
  4488 | D:4      | Found a staircase to the Ecumenical Temple.
  4502 | Temple   | Entered the Ecumenical Temple
  4538 | Temple   | Became a worshipper of Lugonu the Unformed
  4538 | Temple   | Reached * piety under Lugonu
  4597 | D:4      | Reached XP level 7. HP: 42/42 MP: 11/11
  4662 | D:4      | Found a blossoming altar of Fedhas.
  5160 | D:5      | Entered Level 5 of the Dungeon
  5171 | D:5      | Reached skill level 8 in Polearms
  5284 | D:5      | Reached ** piety under Lugonu
  5604 | D:5      | Found Pozuf's Weapon Boutique.
  5803 | D:5      | Found a hide-covered altar of Uskayaw.
  5804 | D:5      | Found a sacrificial altar of Ru.
  5923 | D:6      | Reached XP level 8. HP: 48/48 MP: 12/12
  6012 | D:6      | Reached skill level 1 in Invocations
  6443 | D:6      | Reached *** piety under Lugonu
  6477 | D:6      | You fall through a shaft for 2 floors!
  6553 | D:8      | Found a radiant altar of Vehumet.
  6555 | D:8      | Found an iron altar of Okawaru.
  6620 | D:8      | Reached skill level 5 in Invocations
  6952 | D:6      | Found a shimmering altar of Xom.
  6953 | D:6      | Found a burning altar of Makhleb.
  7059 | D:6      | Reached XP level 9. HP: 52/52 MP: 13/13
  7075 | D:6      | Reached skill level 9 in Polearms
  7550 | D:7      | Reached skill level 10 in Polearms
  7590 | D:7      | Reached **** piety under Lugonu
  7608 | D:7      | Found Keoqez's Armour Emporium.
  7892 | D:7      | Noticed a moth of wrath
  7895 | D:7      | Found a bloodstained altar of Trog.
  8244 | D:8      | Noticed a two-headed ogre
  8442 | D:8      | Noticed Pikel
  8471 | D:8      | Killed Pikel
  8975 | D:8      | Found a sparkling altar of Nemelex Xobeh.
  8976 | D:8      | Found a deep blue altar of Sif Muna.
  9487 | D:9      | Noticed a two-headed ogre
  9560 | D:9      | Found a glowing silver altar of Zin.
  9587 | D:9      | Noticed a troll
  9630 | D:9      | Banished a troll
  9630 | D:9      | Reached skill level 11 in Polearms
  9630 | D:9      | Reached XP level 10. HP: 56/56 MP: 16/16
  9810 | D:9      | Noticed a two-headed ogre
  9870 | D:9      | Banished a two-headed ogre
  9874 | D:9      | Banished a two-headed ogre
  9879 | D:9      | Reached skill level 12 in Polearms
 10355 | D:9      | Reached skill level 5 in Fighting
 10455 | D:9      | Found Xiemilaa's Book Shop.
 10746 | D:10     | Entered Level 10 of the Dungeon
 10746 | D:10     | Noticed a death yak
 10748 | D:10     | Noticed a death yak
 10834 | D:10     | Found a portal to a secret trove of treasure.
 10870 | D:10     | Noticed a death yak
 10933 | D:10     | Noticed a death yak
 10936 | D:10     | Noticed a death yak
 11489 | D:10     | Found a staircase to the Lair.
 11686 | D:10     | Reached ***** piety under Lugonu
 12338 | D:11     | Reached XP level 11. HP: 60/67 MP: 18/18
 12450 | D:11     | Noticed an orange crystal statue
 12479 | D:11     | Noticed a two-headed ogre
 12484 | D:11     | Banished a two-headed ogre
 12557 | D:11     | Reached skill level 13 in Polearms
 13045 | D:11     | Found a white marble altar of Elyvilon.
 13049 | D:11     | Noticed a deep elf mage
 13058 | D:11     | Noticed a sun demon
 13584 | D:11     | Killed a deep elf mage
 13637 | D:11     | Noticed a centaur warrior
 13637 | D:11     | Banished a centaur warrior
 13648 | D:11     | Reached skill level 14 in Polearms
 13986 | Lair:1   | Entered Level 1 of the Lair of Beasts
 15584 | Lair:1   | Reached skill level 5 in Dodging
 15854 | Lair:2   | Reached XP level 12. HP: 72/72 MP: 19/19
 16290 | Lair:2   | Noticed a five-headed hydra
 16291 | Lair:2   | Banished a five-headed hydra
 16396 | Lair:2   | Noticed Fannar
 16507 | Lair:2   | Killed Fannar
 17250 | Lair:3   | Found a staircase to the Swamp.
 18038 | Lair:3   | Noticed a six-headed hydra
 18039 | Lair:3   | Banished a six-headed hydra
 18426 | Lair:3   | Reached skill level 5 in Armour
 19009 | Lair:3   | Found a hole to the Spider Nest.
 19252 | Lair:4   | Noticed a five-headed hydra
 19255 | Lair:4   | Banished a five-headed hydra
 19719 | Lair:4   | Reached XP level 13. HP: 80/80 MP: 21/21
 19823 | Lair:4   | Reached skill level 10 in Invocations
 20461 | Lair:5   | Reached skill level 10 in Fighting
 20576 | Lair:5   | You fall through a shaft!
 20576 | Lair:6   | Entered Level 6 of the Lair of Beasts
 22410 | Lair:6   | Reached skill level 10 in Dodging
 22792 | Lair:6   | Identified a scroll of acquirement
 22822 | Lair:6   | Found a viscous altar of Jiyva.
 22822 | Lair:6   | Found a staircase to the Slime Pits.
 22859 | Lair:6   | Reached skill level 1 in Shields
 23375 | Lair:6   | Got a transparent plate armour
 23386 | Lair:6   | Identified the +1 plate armour "Coqiriok" {*Contam rF+ rC+ MR+} (You found it on level 6 of the Lair of Beasts)
 23511 | Lair:6   | Reached skill level 5 in Shields
 23511 | Lair:6   | Gained mutation: You can fly continuously. [Tengu growth]
 23511 | Lair:6   | Reached XP level 14. HP: 48/90 MP: 22/22
 23654 | Lair:6   | Reached ****** piety under Lugonu
 24937 | D:12     | Found a staircase to the Orcish Mines.
 26083 | D:12     | Noticed Kirke
 26107 | D:12     | Killed Kirke
 26208 | Orc:1    | Entered Level 1 of the Orcish Mines
 26208 | Orc:1    | Noticed Josephine
 26938 | D:12     | Killed Josephine
 27165 | Orc:2    | Entered Level 2 of the Orcish Mines
 28833 | Orc:1    | Noticed Feta's ghost (journeyman FoFi)
 29055 | Orc:1    | Banished Feta's ghost
 29055 | Orc:1    | Reached skill level 10 in Armour
 29574 | Orc:2    | Found a staircase to the Elven Halls.
 29622 | Orc:2    | Hit by a tomahawk thrown by an orc warrior

Skill      XL: |  1  2  3  4  5  6  7  8  9 10 11 12 13 14 |
---------------+-------------------------------------------+-----
Polearms       | 3 4 5 7 8 11 12 14 | 14.0
Fighting       | 3 4 7 9 11 12 | 12.0
Dodging        | 4 5 9 10 | 10.3
Invocations    | 5 7 8 9 10 11 | 11.1
Armour         | 4 6 8 10 | 10.2
Shields        | 5 |  5.0
Throwing       | |  1.0
Spellcasting   | |  2.0
Translocations | |  2.4

Action                   |  1- 3 |  4- 6 |  7- 9 | 10-12 | 13-15 || total
-------------------------+-------+-------+-------+-------+-------++-------
Melee: Spear             |    96 |       |       |       |       ||    96
       Kick              |    13 |    26 |    66 |   206 |   370 ||   681
       Peck              |    10 |    10 |    51 |   131 |   234 ||   436
       Trident           |     6 |   197 |   344 |   709 |  1147 ||  2403
Throw: Tomahawk          |     5 |       |     1 |       |       ||     6
Invok: Banish            |       |       |       |    15 |    13 ||    28
       Bend Space        |       |       |       |     1 |     2 ||     3
 Abil: Fly               |       |     1 |     6 |    17 |     3 ||    27
Evoke: Wand              |       |       |     4 |       |       ||     4
  Use: Potion            |     3 |     2 |       |       |     1 ||     6
       Scroll            |       |     3 |    11 |     8 |    10 ||    32
 Stab: Sleeping          |     3 |     1 |     2 |       |       ||     6
       Distracted        |       |     1 |       |       |       ||     1
       Petrified         |       |       |       |       |    11 ||    11
       Petrifying        |       |       |       |       |     1 ||     1
  Eat: Chunk             |     3 |     9 |    17 |    31 |    32 ||    92
       Royal jelly       |       |       |       |     1 |     1 ||     2
       Meat ration       |       |       |       |     1 |       ||     1
       Bread ration      |       |       |       |       |     1 ||     1
       Fruit             |       |       |       |       |     1 ||     1
Armor: Leather armour    |    21 |    54 |    40 |     2 |       ||   117
       Scale mail        |       |       |    27 |   179 |   168 ||   374
       Plate armour      |       |       |       |       |   299 ||   299
Dodge: Dodged            |    40 |   105 |   117 |   252 |   388 ||   902
Block: Other             |    16 |    40 |     8 |       |       ||    64
       Reflection        |     2 |     2 |       |       |       ||     4
       Buckler           |       |       |       |       |   183 ||   183
